TOP OF THE 1ST |
University of Southern California Trojans batting - Pitching for Coastal Carolina University Chanticleers : RHP Pedro Delgado
|
Pitching: RHP Pedro Delgado
|
|
Batting: RHB Liangde Zhou
|
0-0: Ball 1-0: Ground out 6-3 (Groundball, 6MD, EV 101.9 MPH)
|
Batting: LHB Brad Betterton
|
0-0: Called Strike 0-1: Ball 1-1: Swinging Strike 1-2: Foul Ball, location: 2F 1-2: Ball 2-2: Foul Ball, location: 2F 2-2: Fly out, F7 (Flyball, 78M, EV 95.6 MPH)
|
Batting: LHB Ryan Springer
|
0-0: Foul Ball, location: 2F 0-1: Swinging Strike 0-2: Foul Ball, location: 2F 0-2: Strikes out swinging
|
Top of the 1st over - 0 runs, 0 hits, 0 errors, 0 left on base; University of Southern California 0 - Coastal Carolina University 0 |
BOTTOM OF THE 1ST |
Coastal Carolina University Chanticleers batting - Pitching for University of Southern California Trojans : LHP Cal Blashill
|
Pitching: LHP Cal Blashill
|
|
Batting: RHB Rene Napoles
|
0-0: Foul Ball, location: 2F 0-1: Ball 1-1: Ball 2-1: Foul Ball, location: 2F 2-2: Strikes out looking
|
Batting: RHB Ling-kung Hsing
|
0-0: Swinging Strike 0-1: Foul Ball, location: 2F 0-2: Ball 1-2: Strikes out swinging
|
Batting: RHB Tristan Walsh
|
0-0: Fly out, F9 (Flyball, 89M, EV 78.1 MPH)
|
Bottom of the 1st over - 0 runs, 0 hits, 0 errors, 0 left on base; University of Southern California 0 - Coastal Carolina University 0 |
TOP OF THE 2ND |
University of Southern California Trojans batting - Pitching for Coastal Carolina University Chanticleers : RHP Pedro Delgado
|
Batting: RHB Eric Baker
|
0-0: Ball 1-0: Ball 2-0: Ball 3-0: Foul Ball, location: 2F 3-1: Base on Balls
|
Batting: LHB Rupert Broers
|
0-0: Ball 1-0: SINGLE (Line Drive, 4MD, EV 103.8 MPH) Eric Baker to second
|
Batting: LHB Justin Veirs
|
0-0: Ball 1-0: Ball 2-0: Ball 3-0: Base on Balls Eric Baker to third Rupert Broers to second
|
Batting: RHB Jeremy McAbee
|
0-0: Fielders Choice at 2nd, 3-6 (Groundball, 3S, EV 76.2 MPH) Eric Baker scores Rupert Broers to third
|
Batting: RHB Tri Kartini
|
0-0: Foul Ball, location: 2F 0-1: Swinging Strike 0-2: Strikes out looking
|
Batting: RHB Eizo Sakamoto
|
0-0: Foul Ball, location: 2F 0-1: Swinging Strike 0-2: Ball 1-2: Fly out, F9 (Flyball, 9LM, EV 91.9 MPH)
|
Top of the 2nd over - 1 run, 1 hit, 0 errors, 2 left on base; University of Southern California 1 - Coastal Carolina University 0 |
BOTTOM OF THE 2ND |
Coastal Carolina University Chanticleers batting - Pitching for University of Southern California Trojans : LHP Cal Blashill
|
Batting: RHB Chris McDaniel
|
0-0: Called Strike 0-1: SINGLE (Groundball, 6MD, EV 103.1 MPH)
|
Batting: LHB Cheol-chung Joe
|
0-0: Foul Ball, location: 2F 0-1: Ball 1-1: Ball 2-1: Swinging Strike 2-2: Ball 3-2: Base on Balls Chris McDaniel to second
|
Batting: RHB Kees Vroom
|
0-0: Ball 1-0: Ball 2-0: Fly out, F8 (Flyball, 8RD, EV 96.2 MPH)
|
Batting: RHB Tristan Williams
|
0-0: Ball 1-0: Foul Ball, location: 2F 1-1: Ball 2-1: Swinging Strike 2-2: Strikes out looking
|
Batting: LHB Kevin Lech
|
0-0: Ball 1-0: Ball 2-0: Called Strike 2-1: Ball 3-1: Foul Ball, location: 2F 3-2: Foul Ball, location: 2F 3-2: DOUBLE (Line Drive, 89D, EV 110.6 MPH) Chris McDaniel scores Cheol-chung Joe to third Cheol-chung Joe scores
|
Batting: RHB Gabe Bravo
|
0-0: Ball 1-0: Ball 2-0: Ball 3-0: Base on Balls
|
Batting: RHB Rene Napoles
|
0-0: Ball 1-0: Foul Ball, location: 2F 1-1: Swinging Strike 1-2: Ball 2-2: Ball 3-2: SINGLE (Groundball, 6M, EV 101.2 MPH) (infield hit) Kevin Lech to third Gabe Bravo to second
|
Batting: RHB Ling-kung Hsing
|
0-0: SINGLE (Line Drive, 4D, EV 96.2 MPH) Kevin Lech scores Gabe Bravo to third Rene Napoles to second Runner from 3rd tries for Home, throw by CF and OUT! 8-2
|
Bottom of the 2nd over - 3 runs, 4 hits, 0 errors, 2 left on base; University of Southern California 1 - Coastal Carolina University 3 |
TOP OF THE 3RD |
University of Southern California Trojans batting - Pitching for Coastal Carolina University Chanticleers : RHP Pedro Delgado
|
Batting: RHB Liangde Zhou
|
0-0: Fly out, F8 (Flyball, 8RD, EV 102.5 MPH)
|
Batting: LHB Brad Betterton
|
0-0: Ball 1-0: Ball 2-0: Called Strike 2-1: Bunt for hit to 5S - play at first, batter OUT! 5-3
|
Batting: LHB Ryan Springer
|
0-0: Ground out 4-3 (Groundball, 4, EV 102.5 MPH)
|
Top of the 3rd over - 0 runs, 0 hits, 0 errors, 0 left on base; University of Southern California 1 - Coastal Carolina University 3 |
BOTTOM OF THE 3RD |
Coastal Carolina University Chanticleers batting - Pitching for University of Southern California Trojans : LHP Cal Blashill
|
Batting: RHB Tristan Walsh
|
0-0: Foul Ball, location: 2F 0-1: DOUBLE (Flyball, 78XD, EV 106.2 MPH)
|
Batting: RHB Chris McDaniel
|
0-0: Ball 1-0: Called Strike 1-1: Ball 2-1: Foul Ball, location: 2F 2-2: SINGLE (Flyball, 78S, EV 94.4 MPH) - OUT at second base trying to stretch hit. Tristan Walsh scores
|
Batting: LHB Cheol-chung Joe
|
0-0: Called Strike 0-1: Ground out U3 (Groundball, 3, EV 87.5 MPH)
|
Batting: RHB Kees Vroom
|
0-0: Called Strike 0-1: Ball 1-1: SINGLE (Flyball, 8LM, EV 92.5 MPH)
|
Batting: RHB Tristan Williams
|
0-0: Foul Ball, location: 2F 0-1: Ball 1-1: Called Strike 1-2: Ball Wild Pitch! Kees Vroom to second 2-2: Strikes out looking
|
Bottom of the 3rd over - 1 run, 3 hits, 0 errors, 1 left on base; University of Southern California 1 - Coastal Carolina University 4 |
TOP OF THE 4TH |
University of Southern California Trojans batting - Pitching for Coastal Carolina University Chanticleers : RHP Pedro Delgado
|
Batting: RHB Eric Baker
|
0-0: Ball 1-0: Ball 2-0: Ball 3-0: Base on Balls
|
Batting: LHB Rupert Broers
|
0-0: Grounds out, U3 (Groundball, 3L, EV 77.5 MPH)
|
Batting: LHB Justin Veirs
|
0-0: Ball 1-0: Swinging Strike 1-1: Ball 2-1: Foul Ball, location: 2F 2-2: Strikes out swinging
|
Batting: RHB Jeremy McAbee
|
0-0: Foul Ball, location: 2F 0-1: Hit by Pitch
|
Batting: RHB Tri Kartini
|
0-0: Called Strike 0-1: Foul Ball, location: 2F 0-2: Ball 1-2: Ball 2-2: Fly out, F8 (Flyball, 8LXD, EV 106.2 MPH)
|
Top of the 4th over - 0 runs, 0 hits, 0 errors, 2 left on base; University of Southern California 1 - Coastal Carolina University 4 |
BOTTOM OF THE 4TH |
Coastal Carolina University Chanticleers batting - Pitching for University of Southern California Trojans : LHP Cal Blashill
|
Pitching: RHP Bing-zhang Ban
|
|
Batting: LHB Kevin Lech
|
0-0: Ball 1-0: Swinging Strike 1-1: Swinging Strike 1-2: Ball 2-2: Fly out, F8 (Flyball, 8LXD, EV 86.2 MPH)
|
Batting: RHB Gabe Bravo
|
0-0: Ball 1-0: Called Strike 1-1: Fly out, F8 (Flyball, 8LD, EV 105.0 MPH)
|
Pinch Hitting: RHB Ferri Casteleijn
|
0-0: Called Strike 0-1: Foul Ball, location: 2F 0-2: Ball 1-2: Strikes out swinging
|
Bottom of the 4th over - 0 runs, 0 hits, 0 errors, 0 left on base; University of Southern California 1 - Coastal Carolina University 4 |
TOP OF THE 5TH |
University of Southern California Trojans batting - Pitching for Coastal Carolina University Chanticleers : RHP Pedro Delgado
|
Now at 1B: Tim Kirby
|
|
Now at 2B: Mike Grogan
|
|
Now at SS: Tristan Williams
|
|
Now in LF: Milo Karadzic
|
|
Now in CF: Iher Waithaka
|
|
Batting: RHB Eizo Sakamoto
|
0-0: DOUBLE (Line Drive, 78D, EV 110.0 MPH)
|
Pinch Hitting: LHB Dave Helman
|
0-0: Ball 1-0: Fly out, F8 (Flyball, 8LM, EV 96.2 MPH)
|
Batting: LHB Brad Betterton
|
0-0: Ground out 6-3 (Groundball, 6M, EV 90.6 MPH) Eizo Sakamoto to third
|
Batting: LHB Ryan Springer
|
0-0: Ball 1-0: Ground out 4-3 (Groundball, 4, EV 94.4 MPH)
|
Top of the 5th over - 0 runs, 1 hit, 0 errors, 1 left on base; University of Southern California 1 - Coastal Carolina University 4 |
BOTTOM OF THE 5TH |
Coastal Carolina University Chanticleers batting - Pitching for University of Southern California Trojans : RHP Bing-zhang Ban
|
Pitching: RHP Gabe Hires
|
|
Now at 1B: Santiago Romero
|
|
Now at 2B: John Sandberg
|
|
Now at 3B: Edwin Figueroa
|
|
Now at SS: Jochen Schanz
|
|
Now in RF: Dave Helman
|
|
Batting: RHB Mike Grogan
|
0-0: SINGLE (Groundball, 6S, EV 73.1 MPH) (infield hit)
|
Batting: RHB Tristan Walsh
|
0-0: Called Strike 0-1: Fly out, F9 (Flyball, 9, EV 74.4 MPH)
|
Batting: RHB Chris McDaniel
|
0-0: Foul Ball, location: 2F 0-1: Ball 1-1: SINGLE (Groundball, 56D, EV 106.9 MPH) Mike Grogan to second
|
Batting: LHB Milo Karadzic
|
0-0: Swinging Strike 0-1: Grounds into double play, 4-6-3 (Groundball, 34, EV 83.8 MPH)
|
Bottom of the 5th over - 0 runs, 2 hits, 0 errors, 1 left on base; University of Southern California 1 - Coastal Carolina University 4 |
TOP OF THE 6TH |
University of Southern California Trojans batting - Pitching for Coastal Carolina University Chanticleers : RHP Pedro Delgado
|
Pitching: RHP Eric Dunkerley
|
|
Now at C: Jeremy Stockwell
|
|
Now at 1B: Jason Melek
|
|
Now at 3B: Tim Kirby
|
|
Batting: RHB Eric Baker
|
0-0: Called Strike 0-1: Ball 1-1: Called Strike 1-2: Foul Ball, location: 2F 1-2: Ball 2-2: Foul Ball, location: 2F 2-2: Ball 3-2: Fly out, F9 (Flyball, 89M, EV 66.9 MPH)
|
Batting: RHB John Sandberg
|
0-0: Reached on error, E6 (Groundball, 6, EV 104.4 MPH)
|
Batting: LHB John Rumbolt
|
0-0: Ball 1-0: Ball 2-0: Fly out, F9 (Flyball, 9LD, EV 98.8 MPH)
|
Batting: RHB Jochen Schanz
|
0-0: Foul Ball, location: 2F 0-1: Ball 1-1: Swinging Strike 1-2: Ball 2-2: Strikes out swinging
|
Top of the 6th over - 0 runs, 0 hits, 1 error, 1 left on base; University of Southern California 1 - Coastal Carolina University 4 |
BOTTOM OF THE 6TH |
Coastal Carolina University Chanticleers batting - Pitching for University of Southern California Trojans : RHP Gabe Hires
|
Batting: LHB Tim Kirby
|
0-0: Fly out, F9 (Line Drive, 9LM, EV 95.0 MPH)
|
Batting: RHB Tristan Williams
|
0-0: Ball 1-0: Ball 2-0: Called Strike 2-1: Ball 3-1: Base on Balls
|
Batting: LHB Nate Kokx
|
0-0: Ball 1-0: Fly out, F8 (Line Drive, 8RM, EV 105.6 MPH)
|
Batting: LHB Jason Melek
|
0-0: Called Strike 0-1: Ball Tristan Williams steals 2nd, throwing error, E2 Tristan Williams to third 1-1: Called Strike 1-2: Fly out, F7 (Flyball, 7, EV 87.5 MPH)
|
Bottom of the 6th over - 0 runs, 0 hits, 1 error, 1 left on base; University of Southern California 1 - Coastal Carolina University 4 |
TOP OF THE 7TH |
University of Southern California Trojans batting - Pitching for Coastal Carolina University Chanticleers : RHP Eric Dunkerley
|
Pinch Hitting: SHB Dave Montoya
|
0-0: Ball 1-0: Swinging Strike 1-1: Ball 2-1: SINGLE (Line Drive, 34D, EV 98.1 MPH)
|
Pinch Hitting: LHB Alonzo Catalan
|
0-0: Called Strike 0-1: Ball 1-1: Ball 2-1: Foul Ball, location: 2F 2-2: Ball 3-2: Base on Balls Dave Montoya to second
|
Pinch Hitting: LHB Eric Rosenstein
|
0-0: Fielders Choice at 2nd, 4-6 (Groundball, 13, EV 92.5 MPH) Dave Montoya to third
|
Pinch Hitting: SHB George Hillock
|
0-0: Ball 1-0: Swinging Strike 1-1: Called Strike 1-2: Ball 2-2: Foul Ball, location: 2F 2-2: Foul Ball, location: 2F 2-2: Ball 3-2: Base on Balls Eric Rosenstein to second
|
Pinch Hitting: LHB Roger Kean
|
0-0: Foul Ball, location: 2F 0-1: Swinging Strike 0-2: Fly out, F5 (Popup, 56S, EV 85.0 MPH)
|
Batting: RHB Eric Baker
|
0-0: Ball 1-0: Called Strike 1-1: Ball 2-1: Ball 3-1: Base on Balls Dave Montoya scores Eric Rosenstein to third George Hillock to second
|
Batting: RHB John Sandberg
|
0-0: Fly out, F7 (Flyball, 7, EV 85.6 MPH)
|
Top of the 7th over - 1 run, 1 hit, 0 errors, 3 left on base; University of Southern California 2 - Coastal Carolina University 4 |
BOTTOM OF THE 7TH |
Coastal Carolina University Chanticleers batting - Pitching for University of Southern California Trojans : RHP Gabe Hires
|
Pitching: RHP Danny Coronado
|
|
Now at 1B: Jim Baltazar
|
|
Now at 3B: Chris Thomas
|
|
Now in LF: George Hillock
|
|
Now in CF: Alonzo Catalan
|
|
Now in RF: Roger Kean
|
|
Batting: SHB Iher Waithaka
|
0-0: Called Strike 0-1: Called Strike 0-2: Ball 1-2: Ground out 6-3 (Groundball, 6M, EV 86.2 MPH)
|
Batting: RHB Mike Grogan
|
0-0: Called Strike 0-1: Fly out, F9 (Line Drive, 9, EV 107.5 MPH)
|
Batting: LHB Jeremy Stockwell
|
0-0: Ball 1-0: Reached on error, E4 (Groundball, 4, EV 81.2 MPH)
|
Pinch Hitting: LHB Justin Sanders
|
0-0: Ball 1-0: Ball 2-0: Called Strike 2-1: Foul Ball, location: 2F 2-2: Strikes out swinging
|
Bottom of the 7th over - 0 runs, 0 hits, 1 error, 1 left on base; University of Southern California 2 - Coastal Carolina University 4 |
TOP OF THE 8TH |
University of Southern California Trojans batting - Pitching for Coastal Carolina University Chanticleers : RHP Eric Dunkerley
|
Pitching: LHP Elijah Mangrum
|
|
Now in RF: Justin Sanders
|
|
Batting: LHB John Rumbolt
|
0-0: Ball 1-0: Ball 2-0: Foul Ball, location: 2F 2-1: Foul Ball, location: 2F 2-2: Strikes out looking
|
Batting: RHB Jochen Schanz
|
0-0: Ball 1-0: Ball 2-0: Fly out, F8 (Flyball, 8LM, EV 85.6 MPH)
|
Batting: RHB Jim Baltazar
|
0-0: Called Strike 0-1: Ball 1-1: Ball 2-1: Swinging Strike 2-2: Ball 3-2: Ground out 5-3 (Groundball, 5, EV 86.9 MPH)
|
Top of the 8th over - 0 runs, 0 hits, 0 errors, 0 left on base; University of Southern California 2 - Coastal Carolina University 4 |
BOTTOM OF THE 8TH |
Coastal Carolina University Chanticleers batting - Pitching for University of Southern California Trojans : RHP Danny Coronado
|
Batting: LHB Milo Karadzic
|
0-0: Ball 1-0: Ball 2-0: Ball 3-0: Called Strike 3-1: Base on Balls
|
Batting: LHB Tim Kirby
|
0-0: Bunted foul 0-1: Sac Bunt to 3S - play at first, batter OUT! 3-1 Milo Karadzic to second
|
Batting: RHB Tristan Williams
|
0-0: Ball 1-0: Ball 2-0: Called Strike 2-1: Swinging Strike 2-2: Ball 3-2: Foul Ball, location: 2F 3-2: Base on Balls
|
Batting: LHB Nate Kokx
|
0-0: Ball 1-0: Called Strike 1-1: Swinging Strike 1-2: Strikes out looking
|
Batting: LHB Jason Melek
|
0-0: Ball 1-0: Ground out 3-1 (Groundball, 34S, EV 64.4 MPH)
|
Bottom of the 8th over - 0 runs, 0 hits, 0 errors, 2 left on base; University of Southern California 2 - Coastal Carolina University 4 |
TOP OF THE 9TH |
University of Southern California Trojans batting - Pitching for Coastal Carolina University Chanticleers : LHP Elijah Mangrum
|
Pitching: RHP John Pippy
|
|
Batting: LHB Alonzo Catalan
|
0-0: Called Strike 0-1: Foul Ball, location: 2F 0-2: Ball 1-2: Strikes out swinging
|
Pinch Hitting: SHB Mhelter Daulong
|
0-0: Foul Ball, location: 2F 0-1: Ground out U3 (Groundball, 3, EV 91.2 MPH)
|
Batting: SHB George Hillock
|
0-0: Called Strike 0-1: Foul Ball, location: 2F 0-2: Foul Ball, location: 2F 0-2: Ball 1-2: Strikes out swinging
|
Top of the 9th over - 0 runs, 0 hits, 0 errors, 0 left on base; University of Southern California 2 - Coastal Carolina University 4 |
|